 Dungeon Crawl Stone Soup version 0.31-a0-1225-g50297eb6a4 (webtiles) character file.

Game seed: 15583364347621178215

101 kae the Chopper (level 4, -4/39 HPs)
             Began as a Hill Orc Fighter on Dec 14, 2023.
             Slain by a gnoll bouda
             ... wielding a +0 whip
              (10 damage)
             ... on level 3 of the Dungeon.
             The game lasted 00:02:22 (2319 turns).

kae the Chopper (Hill Orc Fighter)                  Turns: 2319, Time: 00:02:23

Health: -4/39      AC: 10    Str: 20    XL:     4   Next: 75%
Magic:  4/4        EV:  9    Int:  8    God:
Gold:   27         SH:  4    Dex: 10    Spells: 3/3 levels left

rFire   . . .        a - +0 war axe
rCold   . . .        c - +0 buckler
rNeg    . . .        b - +0 scale mail
rPois   .            (no helmet)
rElec   .            h - +0 cloak
rCorr   +            e - +1 pair of gloves
SInv    .            (no boots)
Will    .....        (no amulet) Stlth
                     R - ring of resist corrosion
HPRegen 0.26/turn    (no ring)
MPRegen 0.09/turn

%: no passive effects
@: weakened
A: no striking features
a: no special abilities


You were on level 3 of the Dungeon.
You visited 1 branch of the dungeon, and saw 4 of its levels.

You collected 132 gold pieces.
You spent 105 gold pieces at shops.


   Skills:
 - Level 3.6 Fighting
 + Level 6.4 Axes
 - Level 3.2 Armour
 - Level 3.2 Shields


You had 3 spell levels left.
You didn't know any spells.
Your spell library contained the following spells:

 Spells                   Type           Power      Damage    Failure   Level
 Summon Small Mammal      Summ           0%         N/A       83%         1
 Ensorcelled Hibernation  Hex/Ice        0%         N/A       93%         2
 Jinxbite                 Hex            0%         N/A       93%         2
 Call Canine Familiar     Summ           0%         N/A       99%         3
 Gell's Gravitas          Tloc           0%         N/A       99%         3
 Summon Guardian Golem    Hex/Summ       0%         N/A       99%         3
 Teleport Other           Tloc           0%         N/A       99%         3
 Anguish                  Hex/Necr       0%         N/A       100%        4
 Dispersal                Tloc           0%         N/A       100%        6

Inventory:

Hand Weapons
 a - a +0 war axe (weapon)
Missiles
 f - 43 stones
 i - 2 boomerangs
 p - 5 poisoned darts
Armour
 b - a +0 scale mail (worn)
 c - a +0 buckler (worn)
 e - a +1 pair of gloves (worn)
   (You found it on level 1 of the Dungeon)
 h - a +0 cloak (worn)
   (You found it on level 2 of the Dungeon)
Jewellery
 C - a ring of ice
   (You found it on level 1 of the Dungeon)
 R - a ring of resist corrosion (left hand)
   (You found it on level 1 of the Dungeon)
Wands
 q - a wand of paralysis (6)
   (You found it on level 3 of the Dungeon)
Scrolls
 j - 2 scrolls of poison {!r}
 k - 3 scrolls of teleportation {@r4}
 l - 2 scrolls of revelation
 n - 2 scrolls of identify {@r1}
Potions
 d - a potion of might
 g - 2 potions of ambrosia
 o - a potion of berserk rage {!q}

Dungeon Overview and Level Annotations

Branches:
Dungeon (4/15) Zot: 21637
 Temple: D:4-7

Altars:
The Shining One

Shops:
D:2 * D:3

? ....#.##........# #.)..........
....#.##........#####............
...#####........................<
.### #.........................
.# #..................)...... .#
#..............#.....#.### .#
#..............#####.#.... .#
#.........)....##.##.##### .#
#........@g....##.##.# # .#
#.......).........##.# # .#
#...............#....# .#
#...............###### .#
#...............### ### ##
#.................# #.# ##
#################.###.###.
#......... ##########


You could see a gnoll bouda.


Message History

The gnoll closely misses you. 😕 HP[-4]
You take 4 damage, and now have 30/39 hp.
You slash the gnoll!
You kill the gnoll!
You hit the gnoll but do no damage. The gnoll misses you.
Your Axes skill increases to level 6!
You barely miss the gnoll. The gnoll hits you but does no damage.
You barely miss the gnoll. The gnoll barely misses you.
You barely miss the gnoll. The gnoll hits you with a +0 club.
You block the gnoll's attack.
You slash the gnoll!
You kill the gnoll!
No target in view!
Done exploring. 😕 HP[+3]
You regained 3 hp, and now have 33/39 hp.
You start resting. 😎 HP[+6]
Your hp is fully restored (39).
You climb downwards.
The gnoll hits you but does no damage. x2
The gnoll misses you.
There is a stone staircase leading up here.
The gnoll bouda barks out a call to the hunt!
The gnolls pick up the pace!
You block the gnoll's attack.
The gnoll hits you from afar with a +0 spear.
You hear a shout!
You climb upwards.
There is a stone staircase leading down here. 😕 HP[-2]
You take 2 damage, and now have 37/39 hp.
You closely miss the gnoll. You block the gnoll's attack.
You slash the gnoll!
You kill the gnoll! 😕 HP[+1] No target in view!
No target in view!
No target in view!
No target in view!
Done exploring. 😎 HP[+1]
Your hp is fully restored (39).
You climb downwards.
There is a stone staircase leading up here.
A kobold comes into view. It is wielding a +0 short sword.
You block the gnoll's attack.
The gnoll bouda hits you with a +0 whip!
You barely miss the gnoll. You hit the gnoll bouda.
The gnoll hits you but does no damage. The gnoll bouda barely misses you.
The gnoll hits you with a +0 spear. 😮 HP[-10]
You take 10 damage, and now have 29/39 hp.
MASSIVE DAMAGE!! (PAUSE)
You hit the gnoll bouda but do no damage.
You barely miss the gnoll.
The gnoll bouda gazes fiercely through you!
You feel your attacks grow feeble.
The gnoll bouda hits you with a +0 whip.
The gnoll hits you with a +0 spear.
* * * LOW HITPOINT WARNING * * *
The gnoll bouda hits you with a +0 whip.
* * * LOW HITPOINT WARNING * * *
You are too injured to fight recklessly! 😨 HP[-11]
You take 11 damage, and now have 18/39 hp.
MASSIVE DAMAGE!! (PAUSE)
You hit the gnoll bouda. You hit the gnoll. You block the gnoll's attack.
The gnoll bouda barely misses you. The gnoll misses you.
The gnoll bouda attacks as it pursues you!
The gnoll bouda hits you but does no damage.
The gnoll attacks as it pursues you! The gnoll closely misses you.
The gnoll bouda attacks as it pursues you!
The gnoll bouda hits you with a +0 whip.
* * * LOW HITPOINT WARNING * * *
😨 HP[-2]
You take 2 damage, and now have 16/39 hp.
The gnoll bouda attacks as it pursues you!
The gnoll bouda hits you but does no damage.
The gnoll closely misses you.
There is a stone staircase leading up here.
The gnoll bouda gazes fiercely through you!
You feel as though you will be weak longer.
The gnoll bouda hits you with a +0 whip.
* * * LOW HITPOINT WARNING * * *
The gnoll hits you but does no damage.
You climb upwards.
There is a stone staircase leading down here.
Unknown command. 😨 HP[-6]
You take 6 damage, and now have 10/39 hp.
You hit the gnoll bouda.
The gnoll bouda hits you with a +0 whip.
* * * LOW HITPOINT WARNING * * *
😱 HP[-4]
You take 4 damage, and now have 6/39 hp.
You closely miss the gnoll bouda.
The gnoll bouda hits you with a +0 whip!
You die...

Skill      XL: |  1  2  3  4 |
---------------+-------------+-----
Axes           | 3 4 5 6 |  6.4
Fighting       | |  3.6
Armour         | |  3.2
Shields        | |  3.2

Action                     |  1- 3 |  4- 6 || total
---------------------------+-------+-------++-------
  Melee: War axe           |    98 |    37 ||   135
    Use: Scroll            |     4 |     3 ||     7
 Armour: Scale mail        |    71 |    41 ||   112
  Dodge: Dodged            |    59 |    26 ||    85
  Block: Buckler           |    21 |     9 ||    30

Levels and vault maps discovered:
D:1:      minmay_arrival_wavy_path, layout_basic
D:2:      layout_rooms, serial_shops, shop
D:3:      layout_basic, tso_altar, serial_shops, shop, basic_ecumenical_altar,
          minmay_between
D:4:      layout_loops_ring, kiku_gazebo_garden_becter, minmay_temple_entry_mist

Notes
Turn   | Place    | Note
-------+----------+-------------------------------------------
     0 | D:1      | kae the Hill Orc Fighter began the quest for the Orb.
     0 | D:1      | Reached XP level 1. HP: 19/19 MP: 1/1
     0 | D:1      | magus.rc [v1.11.3]
    38 | D:1      | Reached skill level 3 in Axes
   298 | D:1      | Reached XP level 2. HP: 26/26 MP: 2/2
   921 | D:2      | Reached skill level 4 in Axes
   956 | D:2      | You pick up a book of Callings and begin reading...
   956 | D:2      | You add the spells Summon Small Mammal, Call Canine
                  | Familiar and Summon Guardian Golem to your library.
   981 | D:2      | Found Nizul's General Store.
  1075 | D:2      | Reached XP level 3. HP: 31/31 MP: 3/3
  1107 | D:2      | Reached skill level 5 in Axes
  1663 | D:3      | You pick up a book of Dreams and begin reading...
  1663 | D:3      | You add the spells Jinxbite, Ensorcelled Hibernation and
                  | Anguish to your library.
  1757 | D:3      | Reached XP level 4. HP: 39/39 MP: 4/4
  2049 | D:3      | Found Epudy's Magic Scroll Emporium.
  2080 | D:3      | Bought a scroll of revelation for 75 gold pieces
  2080 | D:3      | Bought a scroll of teleportation for 30 gold pieces
  2104 | D:3      | You add the spells Gell's Gravitas, Teleport Other and
                  | Dispersal to your library.
  2116 | D:3      | Found a faded altar of an unknown god.
  2204 | D:3      | Found a glowing golden altar of the Shining One.
  2259 | D:3      | Reached skill level 6 in Axes
  2318 | D:3      | HP: 6/39 [gnoll bouda/+0 whip (5)]
  2319 | D:3      | Slain by a gnoll bouda

Vanquished Creatures
  3 gnolls (D:3)
  2 adders
  2 dart slugs
  2 orcs (D:3)
  4 endoplasms
  2 giant cockroaches (D:3)
  7 goblins
  4 hobgoblins
  3 quokkas
  9 ball pythons
  4 bats
  3 frilled lizards
  A kobold (D:2)
  3 rats (D:3)
49 creatures vanquished.

Table legend:
 A = Non-vault XP
 B = Vault XP
 C = Vault XP percentage of total XP
 D = Non-vault monster count
 E = Vault monster count
 F = Vault count percentage of total count
                 A         B        C        D         E       F
            +---------+---------+-------+---------+---------+-------
      Total |     132 |      13 |   9.0 |      48 |       1 |   2.0
            +---------+---------+-------+---------+---------+-------
        D:1 |      16 |       0 |   0.0 |       9 |       0 |   0.0
        D:2 |      42 |       0 |   0.0 |      17 |       0 |   0.0
        D:3 |      74 |      13 |  14.9 |      22 |       1 |   4.3
            +---------+---------+-------+---------+---------+-------

Skill      XL: |  1  2  3  4 |
---------------+-------------+-----
Axes           | 3 4 5 6 |  6.4
Fighting       | |  3.6
Armour         | |  3.2
Shields        | |  3.2

Action                     |  1- 3 |  4- 6 || total
---------------------------+-------+-------++-------
  Melee: War axe           |    98 |    37 ||   135
    Use: Scroll            |     4 |     3 ||     7
 Armour: Scale mail        |    71 |    41 ||   112
  Dodge: Dodged            |    59 |    26 ||    85
  Block: Buckler           |    21 |     9 ||    30

Illustrated notes

Table legend:
 A = Kills in this place as a percentage of kills in the entire game.
 B = Kills by you in this place as a percentage of kills by you in the entire game.
 C = Kills by friends in this place as a percentage of kills by friends in the entire game.
 D = Other kills in this place as a percentage of other kills in the entire game.
 E = Experience gained in this place as a percentage of experience gained in the entire game.
 F = Experience gained in this place divided by the number of levels of this place that you have seen.
                   A       B       C       D       E      F
               +-------+-------+-------+-------+-------+----------------------
         Total | 100.0 | 100.0 |   N/A |   N/A | 100.0 |  36.2
       Dungeon | 100.0 | 100.0 |   N/A |   N/A | 100.0 |  36.2
               +-------+-------+-------+-------+-------+----------------------

Table legend: (Time is in decaauts)
 A = Elapsed time spent in this place.
 B = Non-inter-level travel time spent in this place.
 C = Inter-level travel time spent in this place.
 D = Time resting spent in this place.
 E = Time spent auto-exploring this place.
 F = Levels seen in this place.
 G = Mean time per level.
                   A        B        C        D        E       F      G
               +--------+--------+--------+--------+--------+-----+--------+
         Total |   2361 |   2272 |     89 |     23 |   1869 |   4 |  590.2 |
       Dungeon |   2361 |   2272 |     89 |     23 |   1869 |   4 |  590.2 |
               +--------+--------+--------+--------+--------+-----+--------+

Top non-repeatable levels by time:
     D:1: 924 daAuts
     D:3: 874 daAuts
     D:2: 542 daAuts
     D:4: 19 daAuts
